 Dungeon Crawl Stone Soup version 0.29-a0-88-g03a7b78be7 (webtiles) character file.

Game seed: 16451754757779731857

6 senseless the Ducker (level 1, 10/10 HPs)
             Began as a Felid Fighter on Feb 5, 2022.
             Was a Follower of Zin.
             Quit the game on level 1 of the Dungeon.
             The game lasted 00:00:28 (233 turns).

senseless the Ducker (Felid Fighter)                 Turns: 233, Time: 00:00:28

Health: 10/10      AC:  1    Str: 12    XL:     1   Next: 75%
Magic:  2/2        EV: 18    Int:  9    God:    Zin [*.....]
Gold:   0          SH:  0    Dex: 15    Spells: 0/0 levels left
                                        Lives:  0   Deaths: 0

rFire   . . .      SeeInvis +     - Unarmed
rCold   . . .      Faith    .   (shield unavailable)
rNeg    . . .      Spirit   .   (armour unavailable)
rPois   .          Reflect  .   (helmet unavailable)
rElec   .          Harm     .   (cloak unavailable)
rCorr   .          Rampage  .   (gloves unavailable)
Will    .....                   (boots unavailable)
Stlth   +.........              (no amulet)
HPRegen 0.03/turn               (no ring)
MPRegen 0.08/turn               (no ring)

@: quick
A: very small, claws 1, fangs 3, see invisible, speed 1, shaggy fur 1, stealthy
paws, no weapons or thrown items, no armour, multi-lived
a: Renounce Religion, Recite, Donate Gold


You were on level 1 of the Dungeon.
You worshipped Zin.
Zin was aware of your devotion.
You visited 1 branch of the dungeon, and saw 1 of its levels.

Inventory:

Scrolls
 b - a scroll of immolation {unknown}
Potions
 a - a potion of might


   Skills:
 + Level 3.0 Fighting
 + Level 4.2 Dodging
 + Level 4.2 Unarmed Combat


You couldn't memorise any spells.
You didn't know any spells.
Your spell library was empty.

Dungeon Overview and Level Annotations

Branches:
Dungeon (1/15)

Altars:
Zin


Innate Abilities, Weirdness & Mutations

You have sharp claws.
You have razor-sharp teeth.
You have supernaturally acute eyesight. (SInv)
You cover ground quickly. (Speed+)
You are covered in fur. (AC +1)
Your paws help you pounce on unaware monsters.
You are incapable of wielding weapons or throwing items.
You cannot wear armour.
You gain extra lives every three experience levels.


Message History

You barely miss the ball python. The ball python closely misses you.
The ball python completely misses you.
You closely miss the ball python. The ball python barely misses you.
The ball python closely misses you.
You scratch the ball python.
You kill the ball python!
You miss the frilled lizard. The frilled lizard closely misses you.
You claw the frilled lizard!
You kill the frilled lizard!
You scratch the rat. You bite the rat.
You kill the rat!
Things that are here:
a rat corpse; a ball python corpse HP restored.
An endoplasm comes into view.
A bat comes into view.
Found a faded altar of an unknown god.
The helpless endoplasm fails to defend itself.
You claw the endoplasm!
You kill the endoplasm!
Found a stone staircase leading down.
The bat misses you. The bat hits you but does no damage.
No target in view!
The bat barely misses you. The bat completely misses you.
You scratch the bat.
The bat is severely wounded.
The bat misses you.
You scratch the bat.
You kill the bat!
You see here a bat corpse.
A ball python comes into view.
You pounce on the unaware helpless ball python!
You claw the ball python!
You kill the ball python!
There is a faded altar of an unknown god here.
You cannot tell which god this altar belongs to.
Convert to them anyway?
Zin accepts your prayer! Zin welcomes you!
You can now donate money to Zin.
You can now recite Zin's Axioms of Law.
Are you sure you want to abandon this character and quit the game? (Confirm with "yes".)

..............#......#
..............#......#
.................
#.......†#.......
#...............>
#..........##....
#....##.##.# ..#
#....#...#.# ##
.#....@...# ##.#...#.#
#.##.##.# # ... # ##.
.. ##


There were no monsters in sight!

Vanquished Creatures
  A bat (D:1)
  An endoplasm (D:1)
  2 ball pythons (D:1)
  2 frilled lizards (D:1)
  A rat (D:1)
7 creatures vanquished.

Notes
Turn   | Place    | Note
-------+----------+-------------------------------------------
     0 | D:1      | senseless the Felid Fighter began the quest for the Orb.
     0 | D:1      | Reached XP level 1. HP: 10/10 MP: 2/2
     0 | D:1      | Noticed a large abomination
     0 | D:1      | Noticed an orb of fire
     1 | D:1      | Noticed an iron dragon
     2 | D:1      | Noticed a shadow dragon
     4 | D:1      | Noticed a tentacled monstrosity
     6 | D:1      | Noticed a large abomination
     7 | D:1      | Noticed an orb of fire
     9 | D:1      | Noticed a shadow dragon
    12 | D:1      | Noticed an iron dragon
    12 | D:1      | Noticed an ice dragon
    14 | D:1      | Noticed a shadow dragon
    16 | D:1      | Noticed a shadow dragon
    16 | D:1      | Noticed a large abomination
    16 | D:1      | Noticed a purple draconian
    18 | D:1      | Noticed an iron dragon
    18 | D:1      | Noticed an ice dragon
    18 | D:1      | Noticed an orb of fire
   217 | D:1      | Found a faded altar of an unknown god.
   232 | D:1      | Prayed at the altar of an unknown god.
   232 | D:1      | Became a worshipper of Zin the Law-Giver
   232 | D:1      | Reached * piety under Zin
   233 | D:1      | Quit the game

Illustrated notes

Levels and vault maps discovered:
D:1:      shiori_arrival_whats_in_store_for_you, layout_basic,
          ebering_ecumenical_altar_box, serial_shops, shop,
          minmay_close_crescents

Action                   || total
-------------------------++-------
Melee: Unarmed           ||    18
       Bite              ||     1
 Stab: Sleeping          ||     2
Armor: Skin              ||     2
Dodge: Dodged            ||    20

Table legend: (Time is in decaauts)
 A = Elapsed time spent in this place.
 B = Non-inter-level travel time spent in this place.
 C = Inter-level travel time spent in this place.
 D = Time resting spent in this place.
 E = Time spent auto-exploring this place.
 F = Levels seen in this place.
 G = Mean time per level.
                   A        B        C        D        E       F      G
               +--------+--------+--------+--------+--------+-----+--------+
         Total |    221 |    221 |      0 |      0 |    184 |   1 |  221.0 |
       Dungeon |    221 |    221 |      0 |      0 |    184 |   1 |  221.0 |
               +--------+--------+--------+--------+--------+-----+--------+

Top non-repeatable levels by time:
     D:1: 221 daAuts
